AoeStats
← Leão

Oasis

508968234Analyzed
2v2 RM · 7d ago on Sep 24, 2026· 54m 16s· 4 players
Game mode
Random Map
Map size
Medium (4 player)
Population
200
Speed
Normal
Resources
Standard
Victory
Conquest
Starting age
Dark Age
Ending age
Imperial Age
RankedLock teamsTeams togetherTeam positionsShared explorationLock speedFull tech treeHidden civsTurbo modeCheats
Victory
Defeat
🇧🇷 Persians · Brazil
1293
+14
🇧🇷 Saracens · Brazil
1240
+16
🇪🇸 Koreans · Spain
1267
-16
🇪🇸 Mongols · Spain
1224
-14
TdB.Ket
6:03 Loom
8:32 Feudal Age
8:37 Man-at-Arms
13:30 Double-Bit Axe
18:29 Horse Collar
20:25 Bloodlines
21:29 Scale Barding Armor
27:31 Castle Age
25:52 Gold Mining
29:14 Forging
31:33 Chain Barding Armor
33:14 Caravan
33:44 Coinage
41:39 Iron Casting
46:19 Imperial Age
46:31 Wheelbarrow
46:26 Heavy Camel Rider
50:21 Blast Furnace
51:05 Cavalier
TdB.Espisao
8:13 Loom
10:43 Feudal Age
11:32 Double-Bit Axe
14:49 Wheelbarrow
17:00 Fletching
27:27 Castle Age
26:46 Gold Mining
27:56 Crossbowman
29:14 Thumb Ring
29:51 Bodkin Arrow
30:35 Thumb Ring
43:03 Imperial Age
41:19 Ballistics
42:00 Bow Saw
44:49 Chemistry
43:11 Arbalester
43:43 Heavy Rocket Cart
45:59 Bracer
47:16 Two-Man Saw
47:03 Scale Mail Armor
47:13 Forging
47:47 Arrowslits
50:11 Elite Skirmisher
Leão
7:02 Loom
9:07 Feudal Age
16:52 Fletching
25:26 Castle Age
23:49 Padded Archer Armor
24:35 Double-Bit Axe
25:04 Horse Collar
25:16 Gold Mining
26:25 Bow Saw
25:37 Crossbowman
26:15 Bodkin Arrow
27:12 Leather Archer Armor
30:17 Wheelbarrow
32:08 Ballistics
36:16 Thumb Ring
36:46 Heavy Plow
37:02 Stone Mining
41:55 Imperial Age
39:48 Town Watch
40:40 Gold Shaft Mining
42:50 Hand Cart
42:35 Town Patrol
44:25 Chemistry
43:36 Arbalester
45:12 Bracer
45:42 Ring Archer Armor
46:29 Ring Archer Armor
46:28 Conscription
50:10 Caravan
KID EmSexto
6:28 Loom
9:36 Feudal Age
9:56 Double-Bit Axe
16:33 Scale Barding Armor
17:21 Forging
22:57 Castle Age
20:43 Horse Collar
21:06 Gold Mining
23:38 Bloodlines
23:28 Husbandry
23:49 Bow Saw
26:36 Wheelbarrow
27:14 Iron Casting
28:11 Hand Cart
29:09 Chain Barding Armor
30:18 Heavy Plow
34:18 Stone Mining
35:38 Stone Shaft Mining
35:40 Gold Shaft Mining
40:17 Imperial Age
39:47 Town Watch
39:58 Cavalier
41:18 Plate Barding Armor
41:13 Conscription
42:54 Blast Furnace
43:36 Two-Man Saw
43:17 Crop Rotation
42:17 Light Cavalry
43:13 Savar
45:24 Caravan
45:08 Hussar
Connection lost

Rejoining the realm…

Still unreachable

The connection could not be restored.

Session expired

The server has moved on; the page needs a fresh start.